 Dungeon Crawl Stone Soup version 0.27-a0-1590-g15f69828bf (webtiles) character file.

Game seed: 14728600823832783396

1 Zonian the Conjurer (level 1, 0/9 HPs)
             Began as a Vine Stalker Conjurer on July 18, 2021.
             Slain by a quokka (3 damage)
             ... on level 1 of the Dungeon.
             The game lasted 00:00:14 (142 turns).

Zonian the Conjurer (Vine Stalker Conjurer)          Turns: 142, Time: 00:00:15

Health: 0/9        AC:  2    Str:  9    XL:     1   Next: 20%
Magic:  0/4        EV: 12    Int: 18    God:
Gold:   44         SH:  0    Dex: 12    Spells: 3/4 levels left

rFire    . . .     SeeInvis .   (no weapon)
rCold    . . .     Faith    .   (no shield)
rNeg     . . .     Spirit   +   a - +0 robe
rPois    .         Reflect  .   (no helmet)
rElec    .         Harm     .   (no cloak)
rCorr    .         Rampage  .   (no gloves)
Will     .....                  (no boots)
Stlth    ++........             (no amulet)
HPRegen  0.03/turn              (no ring)
MPRegen  0.09/turn              (no ring)

@: no status effects
A: fangs 2, magic shield, antimagic bite, no potion heal 2
a: no special abilities


You were on level 1 of the Dungeon.
You visited 1 branch of the dungeon, and saw 1 of its levels.

You collected 44 gold pieces.

Inventory:

Armour
 a - a +0 robe (worn)
Scrolls
 b - a scroll of fear {unknown}
 c - a scroll of noise {unknown}


   Skills:
 + Level 1.5 Dodging
 + Level 2.4 Stealth
 + Level 2.2 Spellcasting
 + Level 4.0 Conjurations


You had 3 spell levels left.
You knew the following spells:

 Your Spells              Type           Power      Damage    Failure   Level
a - Magic Dart            Conj           64%        1d6       3%          1

Your spell library contained the following spells:

 Spells                   Type           Power      Damage    Failure   Level
 Searing Ray              Conj           32%        3d4       4%          2
 Dazzling Flash           Conj/Hex       18%        N/A       22%         3
 Fulminant Prism          Conj/Hex       4%         3d6       58%         4
 Iskenderun's Mystic Bla  Conj/Tloc      9%         2d4       58%         4


Dungeon Overview and Level Annotations

Branches:
Dungeon (1/15)

Altars:


Innate Abilities, Weirdness & Mutations

You have extremely sharp teeth.
When hurt, damage is shared between your health and your magic reserves.
Your bite disrupts and absorbs the magic of your enemies.
Potions cannot restore your health.


Message History

a +0 dagger; 2 stones; a kobold corpse
Found a chain mail.
A quokka comes into view.
A quokka is nearby!
Unknown command.
The magic dart hits the quokka but does no damage.
The magic dart hits the quokka.
The quokka is moderately wounded.
The magic dart hits the quokka but does no damage.
The quokka is moderately wounded.
The magic dart hits the quokka.
The quokka is severely wounded.
You are too depleted to draw on your mana recklessly!
Unknown command.
The quokka bites you.
You hit the quokka but do no damage. Your bite misses the quokka.
The quokka is severely wounded.
The quokka barely misses you.
You barely miss the quokka.
The quokka is severely wounded.
The quokka barely misses you.
You completely miss the quokka.
The quokka is severely wounded.
The quokka closely misses you. The quokka bites you.
You miss the quokka.
The quokka is severely wounded.
The quokka closely misses you.
Unknown command.
The quokka misses you.
You are too injured to fight recklessly!
You are too injured to fight recklessly!
Casting: Magic Dart (safe; 3% risk of failure)
Confirm with . or Enter, or press ? or * to list all spells.
Aiming: Magic Dart (safe; 3% risk of failure)
Press: ? - help, Shift-Dir - straight line, f/p - quokka
Aim: a quokka (severely wounded, 100% to hit)
The magic dart hits the quokka.
The quokka is almost dead.
The quokka bites you.
You die...

########### ### ..........
..# .........## #.#
..........# #.# .........)##
#.# .........).###.#########
. ##########.##...........
....##########..#.....!.....
...............@r.>.........
....#.##....###.#...........
. # #....# #.............
#....# ##....^....[.. #....#
#............ #....#
#.#.######### #....# #...#
#....# ##..# ##....#####..#


You could see a quokka.

Vanquished Creatures
  A kobold (D:1)
1 creature vanquished.

Notes
Turn   | Place    | Note
-------+----------+-------------------------------------------
     0 | D:1      | Zonian the Vine Stalker Conjurer began the quest for the
                  | Orb.
     0 | D:1      | Reached XP level 1. HP: 9/9 MP: 4/4
   142 | D:1      | Slain by a quokka

Illustrated notes

Levels and vault maps discovered:
D:1:      minmay_arrival_shattered_statue, layout_basic,
          ebering_ecumenical_altar_rust

Action                   || total
-------------------------++-------
Melee: Unarmed           ||     4
 Cast: Magic Dart        ||     8
Dodge: Dodged            ||     6

Table legend: (Time is in decaauts)
 A = Elapsed time spent in this place.
 B = Non-inter-level travel time spent in this place.
 C = Inter-level travel time spent in this place.
 D = Time resting spent in this place.
 E = Time spent auto-exploring this place.
 F = Levels seen in this place.
 G = Mean time per level.
                   A        B        C        D        E       F      G
               +--------+--------+--------+--------+--------+-----+--------+
         Total |    142 |    142 |      0 |      0 |    120 |   1 |  142.0 |
       Dungeon |    142 |    142 |      0 |      0 |    120 |   1 |  142.0 |
               +--------+--------+--------+--------+--------+-----+--------+

Top non-repeatable levels by time:
     D:1: 142 daAuts
